 Dungeon Sprint DCSS version 0.28-a0-883-gc8d7bad45d (webtiles) character file.

Game seed: 11772974356412971891

463387 mhtbhm the Conqueror (level 20, -2/234 (237) HPs)
             Began as a Minotaur Fighter on Nov 21, 2021.
             Was an Initiate of Gozag.
             Succumbed to Gloorx Vloq's dark miasma
             ... in the Dungeon (Sprint IX: "|||||||||||||||||||||||||||||").
             The game lasted 00:36:05 (12952 turns).

mhtbhm the Conqueror (Minotaur Fighter)            Turns: 12952, Time: 00:36:06

HP:   -2/234 (237)  AC: 50    Str: 35    XL:     20   Next: 21%
MP:   26/26         EV: 14    Int:  5    God:    Gozag
Gold: 37158         SH: 25    Dex:  7    Spells: 29/29 levels left

rFire   + + +      SeeInvis .   D - +9 sacred scourge (holy)
rCold   + + +      Faith    .   c - +2 tower shield {rC+ rF+}
rNeg    + + .      Spirit   .   b - +12 gold dragon scales
rPois   +          Reflect  .   x - +1 hat
rElec   +          Harm     .   s - +2 cloak {Stlth+}
rCorr   +          Rampage  .   R - +0 pair of gloves of the Evil One {rN++ Dex-4 Slay+2}
Will    +....      NoTele   +   C - +2 pair of boots
Stlth   +++.......              g - amulet of regeneration
HPRegen 1.49/turn               u - +4 ring of slaying
MPRegen 0.20/turn               H - +6 ring of strength

@: lethally poisoned (-2 -> -6), resistant, hasted and slowed, silenced, lightly
drained, unable to read
A: horns 2, retaliatory headbutt, hooves 1, mutation resistance 1, robust 1,
inability to read while threatened
}: 9/17 runes: decaying, serpentine, barnacled, slimy, elven, silver, golden,
abyssal, gossamer
a: Renounce Religion


You were in the Dungeon.
You worshipped Gozag.
Gozag was extremely pleased with you.
You visited 1 branch You collected 53159 gold pieces.
You spent 2485 gold pieces at shops.
You paid 13516 gold pieces to Gozag.

Inventory:

Hand Weapons
 a - the +9 demon whip "Toklauda" {flame, rN+}
   (You found it in the Dungeon)

   It burns those it strikes, dealing additional fire damage.
   rN:        It protects you from negative energy.
 q - the +3 hand crossbow of Pyfalek {freeze, Stlth+}
   (You found it in the Dungeon)

   Any ammunition fired from it freezes those it strikes, dealing additional
   cold damage.
   It can also slow down cold-blooded creatures.
   Stlth:     It makes you more stealthy.
 D - a +9 sacred scourge of holy wrath (weapon)
Missiles
 i - a curare-tipped dart (quivered)
 G - a throwing net
 J - 23 bolts
Armour
 b - +12 gold dragon scales (worn)
 c - a +2 tower shield of resistance (worn)
 s - a +2 cloak of stealth (worn)
 x - a +1 hat (worn)
 C - a +2 pair of boots (worn)
 R - the +0 pair of gloves of the Evil One (worn) {rN++ Dex-4 Slay+2}
   (You found it in the Dungeon)

   Dex:       It affects your dexterity (-4).
   Slay:      It affects your accuracy & damage with ranged weapons and melee
   (+2).
   rN:        It greatly protects you from negative energy.
Jewellery
 g - an amulet of regeneration (around neck)
 u - a +4 ring of slaying (left hand)
 H - a +6 ring of strength (right hand)
 N - the ring of Pitwocuv {rC+ rN+}
   (You found it in the Dungeon)

   [ring of protection from cold]

   rC:        It protects you from cold.
   rN:        It protects you from negative energy.
 Q - the ring "Veekughi" {rN+ Dex+6}
   (You found it in the Dungeon)

   [ring of dexterity]

   Dex:       It affects your dexterity (+6).
   rN:        It protects you from negative energy.
Wands
 o - a wand of iceblast (13)
Scrolls
 j - 2 scrolls of blinking
 k - 2 scrolls of amnesia
 r - 9 scrolls of fear
 E - a scroll of immolation
 F - 2 scrolls of fog
 S - 2 scrolls of enchant weapon
Potions
 f - 5 potions of resistance
 h - 9 potions of magic
 l - a potion of degeneration
 m - 3 potions of brilliance
 t - 3 potions of haste
 v - a potion of flight
 I - a potion of attraction {unknown}


   Skills:
 O Level 27 Fighting
 - Level 1.0(1.2) Short Blades
 - Level 1.1(1.3) Long Blades
 - Level 1.1(18.1) Axes
 O Level 27 Maces & Flails
 - Level 1.1(1.6) Polearms
 - Level 1.1(18.1) Staves
 - Level 1.0(19.5) Slings
 - Level 1.1 Bows
 O Level 27 Crossbows
 O Level 27 Throwing
 O Level 27 Armour
 O Level 27 Dodging
 O Level 27 Stealth
 O Level 27 Shields
 - Level 1.0 Unarmed Combat
 + Level 5.1 Spellcasting
 - Level 0.5 Conjurations
 - Level 0.5 Hexes
 - Level 0.5 Summonings
 - Level 0.5 Necromancy
 - Level 0.5 Translocations
 - Level 0.6 Transmutations
 - Level 0.6 Fire Magic
 + Level 5.6 Ice Magic
 - Level 0.6 Air Magic
 - Level 0.7 Earth Magic
 - Level 0.6 Poison Magic
 - Level 1.0 Invocations
 O Level 27 Evocations


You had 29 spell levels left.
You didn't know any spells.
Your spell library contained the following spells:

 Spells                   Type           Power      Damage    Failure   Level
 Freezing Cloud           Conj/Ice/Air   1%         6-21      100%        5
 Simulacrum               Ice/Necr       2%         N/A       100%        6
 Polar Vortex             Ice            3%         N/A       100%        9


Dungeon Overview and Level Annotations

Branches:
Dungeon (1/1)

Altars:
Cheibriados
Dithmenos
Elyvilon
Fedhas
Gozag
Hepliaklqana
Kikubaaqudgha
Makhleb
Nemelex Xobeh
Okawaru
Qazlal
Ru
Sif Muna
Trog
Uskayaw
Vehumet
Wu Jian
Xom
Yredelemnul
Zin
The Shining One
Beogh
Jiyva
Lugonu

Shops:
D [[[[!=(:[==

Annotations:
D Ereshkigal, Gloorx Vloq


Innate Abilities, Weirdness & Mutations

You have a pair of horns on your head.
You reflexively headbutt those who attack you in melee.
You have large cloven feet.
You are somewhat resistant to further mutation.
You are robust. (+10% HP)
You sometimes lose the ability to read scrolls when taking damage.


Message History

Gloorx Vloq gestures at you.
The foul vapour engulfs Ereshkigal.
Ereshkigal completely resists.
Unknown command.
You feel better.
You are engulfed in dark miasma.
You are lethally poisoned!
* * * LOW HITPOINT WARNING * * *
You feel very sick. You block the Executioner's attack. x2
The Executioner hits you but does no damage.
You block the Executioner's attack. x2; The Executioner completely misses you.
You feel better.
You are engulfed in dark miasma.
You feel yourself slow down.
* * * LOW HITPOINT WARNING * * *
The Executioner hits you.
* * * LOW HITPOINT WARNING * * *
The Executioner hits you but does no damage.
You block the Executioner's attack.
The Executioner hits you but does no damage.
You block the Executioner's attack.
The Executioner hits you but does no damage.
You are engulfed in dark miasma.
You feel as though you will be slow longer.
* * * LOW HITPOINT WARNING * * *
You block the Executioner's attack. The Executioner closely misses you.
You block the Executioner's attack.
The Executioner hits you but does no damage. x3
Unknown command.
You feel better.
You are engulfed in dark miasma.
You are poisoned.
* * * LOW HITPOINT WARNING * * *
x2 You feel very sick.
You block the Executioner's attack.
The Executioner hits you but does no damage.
You block the Executioner's attack. The Executioner hits you.
* * * LOW HITPOINT WARNING * * *
You block the Executioner's attack. x2
The Executioner hits you but does no damage.
You block the Executioner's attack. x2
Okay, then.
You die...
Your body crumbles into a pile of gold.

▓▓▓▓▓▓▓▓▓▓▓▓▓▓▓▓▓▓
▓...▓...▓...▓...▓.
▓.▓.▓.▓.▓.▓.▓.▓.▓.
▓.▓.▓.▓.▓[▓.▓.▓.▓.
▓.▓.▓.▓.▓[▓.▓.▓.▓)
▓.▓)▓.▓.▓[▓.▓.▓.▓)
▓.▓.▓'▓.▓.▓.▓.▓.▓(
▓.▓.▓.▓.▓.▓.▓.▓.▓.
▓@▓.▓∩▓.▓.▓.▓.▓.▓)
▓.▓.▓∩▓.▓[▓.▓.▓.▓(
▓1▓.▓∩▓.▓.▓.▓'▓.▓.
▓&▓.▓.▓.▓.▓.▓.▓.▓.
▓&▓.▓.▓.▓.▓.▓.▓.▓.
▓1▓.▓.▓.▓.▓.▓.▓.▓)
▓1▓.▓.▓.▓.▓.▓.▓.▓)
▓.▓.▓.▓.▓.▓.▓.▓.▓.
▓.▓.▓.▓.♣)♣.▓.▓.▓.


You could see Gloorx Vloq, Ereshkigal (silencing) and 3 Executioners.

Vanquished Creatures
  Antaeus (D)
  Asmodeus (D)
  the Royal Jelly (D)
  5 ancient liches (D)
  3 orbs of fire (D)
  Mennas (D)
  Sojobo (D)
  4 royal mummies (D)
  Margery (D)
  2 curse toes (D)
  Xtahua (D)
  Frederick (D)
  Saint Roka (D)
  Geryon (D)
  4 golden dragons (D)
  2 bone dragons (D)
  3 electric golems (D)
  3 tentacled monstrosities (D)
  26 Orb Guardians (D)
  4 liches (D)
  2 deep elf blademasters (D)
  3 death cobs (D)
  3 deep elf master archers (D)
  A quicksilver dragon (D)
  11 acid blobs (D)
  12 sphinxes (D)
  3 tengu reavers (D)
  Gastronok (D)
  Agnes (D)
  3 storm dragons (D)
  Ilsuiw (D)
  12 shadow dragons (D)
  4 nagarajas (D)
  6 azure jellies (D)
  A fire giant (D)
  3 rockslimes (D)
  2 draconian knights (D)
  A deep elf sorcerer (D)
  3 ghost moths (D)
  6 frost giants (D)
  A draconian shifter (D)
  Louise (D)
  2 draconian scorchers (D)
  4 vault wardens (D)
  An iron dragon (D)
  4 emperor scorpions (D)
  2 draconian stormcallers (D)
  A war gargoyle (D)
  8 stone giants (D)
  2 draconian annihilators (D)
  2 quicksilver oozes (D)
  2 very ugly things (D)
  2 green draconians (D)
  A deep elf demonologist (D)
  7 vampire knights (D)
  4 deep elf annihilators (D)
  7 purple draconians (D)
  A yellow draconian (D)
  3 black draconians (D)
  3 white draconians (D)
  2 spark wasps (D)
  3 red draconians (D)
  A dire elephant (D)
  3 merfolk javelineers (D)
  Snorg (D)
  5 ettins (D)
  2 deep elf death magi (D)
  An eleionoma (D)
  3 fire dragons (D)
  3 deep elf high priests (D)
  6 mummy priests (D)
  3 merfolk impalers (D)
  A great orb of eyes (D)
  3 yaktaur captains (D)
  3 ice dragons (D)
  An ironbound thunderhulk (D)
  A rakshasa (D)
  7 hydras (D)
  4 naga warriors (D)
  A shambling mangrove (D)
  A merfolk avatar (D)
  26 vault guards (D)
  2 ironbound frosthearts (D)
  An ogre mage (D)
  A ghost crab (D)
  A spriggan air mage (D)
  A two-headed ogre (D)
  2 centaur warriors (D)
  An alligator (D)
  2 merfolk aquamancers (D)
  2 tengu warriors (D)
  3 deep troll shamans (D)
  3 shock serpents (D)
  A spriggan berserker (D)
  11 orc high priests (D)
  A naga sharpshooter (D)
  6 hell knights (D)
  A wretched star (D)
  Sonja (D)
  A large abomination (D)
  A sea snake (D)
  A death drake (shapeshifter) (D)
  A skeletal warrior (D)
  A glowing orange brain (D)
  2 starcursed masses (D)
  A spriggan druid (D)
  A phantasmal warrior (D)
  A wizard (D)
  A lindwurm (D)
  3 ironbound convokers (D)
  6 orc knights (D)
  5 swamp dragons (D)
  A deep elf pyromancer (D)
  A necromancer (D)
  A cyclops (D)
  4 wolf spiders (D)
  2 ugly things (D)
  3 orc sorcerers (D)
  2 manticores (D)
  2 naga magi (D)
  2 elephants (D)
  7 moths of wrath (D)
  2 guardian serpents (D)
  An elephant (shapeshifter) (D)
  3 black mambas (D)
  4 vault sentinels (D)
  A water nymph (D)
  A cane toad (D)
  A merfolk siren (D)
  A cane toad (shapeshifter) (D)
  Psyche (D)
  A smoke demon (D)
  A komodo dragon (D)
  An ancient zyme (D)
  3 demonic crawlers (D)
  A bloated husk (D)
  18 guardian mummies (D)
  6 merfolk (D)
  A wandering mushroom (D)
  7 polar bears (D)
  5 jumping spiders (D)
  A raiju (D)
  A blink frog (D)
  2 slime creatures (D)
  3 yaks (D)
  A wyvern (D)
  11 spriggans (D)
  A tarantella (D)
  A wraith (D)
  2 basilisks (D)
  4 golden eyes (D)
  A vampire mosquito (D)
  4 nagas (D)
  2 acid dragons (D)
  3 water moccasins (D)
  2 wargs (D)
  A hell hound (D)
  A swamp drake (D)
  A floating eye (D)
  A sky beast (D)
  10 orc warriors (D)
  2 black bears (D)
  A centaur (D)
  A boggart (D)
  A wolf (D)
  A quasit (D)
  A hound (D)
  4 orc priests (D)
  A jelly (D)
  3 orc wizards (D)
  A hell rat (D)
  An adder (D)
  A white imp (D)
  9 orcs (D)
  A goblin (D)
  A hobgoblin (D)
  A ball python skeleton (D)
  3 kobolds (D)
519 creatures vanquished.

Vanquished Creatures (others)
  A merfolk aquamancer (D)
  A swamp dragon (D)
  A tyrant leech (D)
  A bloated husk (D)
  A hornet (D)
  A yak (D)
  A spriggan (D)
7 creatures vanquished.

Grand Total: 526 creatures vanquished

Notes
Turn   | Place    | Note
-------+----------+-------------------------------------------
     0 | D        | mhtbhm the Minotaur Fighter began the quest for the Orb.
     0 | D        | Reached XP level 1. HP: 19/19 MP: 0/0
    18 | D        | Noticed a hound
    18 | D        | Noticed a sky beast
    30 | D        | Killed a hound
    31 | D        | Reached skill level 5 in Fighting
    31 | D        | Reached skill level 5 in Armour
    31 | D        | Reached skill level 5 in Shields
    31 | D        | Reached XP level 2. HP: 29/29 MP: 1/1
    31 | D        | Reached XP level 3. HP: 36/36 MP: 2/2
    33 | D        | Killed a sky beast
    34 | D        | Reached skill level 5 in Maces & Flails
    34 | D        | Reached XP level 4. HP: 47/47 MP: 3/3
    35 | D        | Reached XP level 5. HP: 52/52 MP: 4/4
    42 | D        | Found a snail-covered altar of Cheibriados.
    42 | D        | Found a shadowy altar of Dithmenos.
    42 | D        | Found a white marble altar of Elyvilon.
    42 | D        | Found a blossoming altar of Fedhas.
    42 | D        | Found an opulent altar of Gozag.
    43 | D        | Found a hazy altar of Hepliaklqana.
    44 | D        | Found a viscous altar of Jiyva.
    45 | D        | Found an ancient bone altar of Kikubaaqudgha.
    46 | D        | Found a corrupted altar of Lugonu.
    47 | D        | Found a burning altar of Makhleb.
    48 | D        | Found a sparkling altar of Nemelex Xobeh.
    49 | D        | Found an iron altar of Okawaru.
    50 | D        | Found a stormy altar of Qazlal.
    51 | D        | Found a sacrificial altar of Ru.
    52 | D        | Found a shimmering blue altar of Sif Muna.
    56 | D        | Became a worshipper of Gozag Ym Sagoz the Greedy
    60 | D        | Found a bloodstained altar of Trog.
    61 | D        | Found a hide-covered altar of Uskayaw.
    62 | D        | Found a radiant altar of Vehumet.
    63 | D        | Found an ornate altar of the Wu Jian Council.
    64 | D        | Found a shimmering altar of Xom.
    65 | D        | Found a basalt altar of Yredelemnul.
    66 | D        | Found a glowing silver altar of Zin.
    67 | D        | Found a glowing golden altar of the Shining One.
   120 | D        | Noticed a yak
   120 | D        | Noticed an acid dragon
   120 | D        | Noticed an orc warrior
   120 | D        | Noticed a yak
   120 | D        | Noticed an acid dragon
   126 | D        | Killed a yak
   127 | D        | Reached XP level 6. HP: 62/62 MP: 5/5
   131 | D        | HP: 1/62 [acid dragon/splash of acid (18)]
   134 | D        | Killed an acid dragon
   136 | D        | Killed an orc warrior
   137 | D        | Reached skill level 10 in Fighting
   139 | D        | Killed a yak
   140 | D        | Reached skill level 10 in Armour
   140 | D        | Reached XP level 7. HP: 29/72 MP: 6/6
   144 | D        | Reached skill level 10 in Maces & Flails
   348 | D        | Noticed a vampire mosquito
   348 | D        | Noticed a cyclops
   348 | D        | Noticed a centaur warrior
   348 | D        | Noticed a two-headed ogre
   348 | D        | Noticed a wraith
   351 | D        | Killed a vampire mosquito
   352 | D        | Reached skill level 1 in Dodging
   354 | D        | Killed a cyclops
   355 | D        | Reached skill level 10 in Shields
   355 | D        | Reached XP level 8. HP: 82/82 MP: 7/7
   359 | D        | Killed a centaur warrior
   363 | D        | Killed a two-headed ogre
   364 | D        | Reached XP level 9. HP: 92/92 MP: 8/8
   488 | D        | Got the +3 hand crossbow of Pyfalek {freeze, Stlth+}
   500 | D        | Noticed a komodo dragon
   516 | D        | Reached skill level 1 in Stealth
   517 | D        | Reached skill level 15 in Maces & Flails
   517 | D        | Noticed a cane toad
   533 | D        | Killed a komodo dragon
   544 | D        | Killed a cane toad
   550 | D        | Reached XP level 10. HP: 34/102 MP: 9/9
   809 | D        | Noticed a black mamba
   809 | D        | Noticed a five-headed hydra
   814 | D        | Noticed an elephant
   825 | D        | Killed a five-headed hydra
   832 | D        | Noticed an elephant
   837 | D        | Killed a black mamba
   841 | D        | Killed an elephant
   842 | D        | Reached skill level 5 in Dodging
   851 | D        | Killed an elephant
   979 | D        | Reached skill level 15 in Fighting
  1007 | D        | Reached XP level 11. HP: 92/114 MP: 10/10
  1161 | D        | Noticed an orc knight
  1171 | D        | Killed an orc knight
  1175 | D        | Noticed an orc knight
  1190 | D        | Killed an orc knight
  1191 | D        | Reached skill level 15 in Armour
  1410 | D        | Noticed an orc knight
  1410 | D        | Noticed an orc sorcerer
  1418 | D        | Killed an orc knight
  1420 | D        | Killed an orc sorcerer
  1433 | D        | Noticed an orc sorcerer
  1441 | D        | Killed an orc sorcerer
  1459 | D        | Reached skill level 1 in Evocations
  1581 | D        | Found Echargh's Book Emporium.
  1581 | D        | Noticed an orc knight
  1581 | D        | Noticed an orc high priest
  1581 | D        | Noticed an orc high priest
  1581 | D        | Noticed an orc high priest
  1581 | D        | Noticed an orc high priest
  1582 | D        | Noticed an orc high priest
  1591 | D        | Killed an orc knight
  1591 | D        | Killed an orc high priest
  1591 | D        | Killed an orc high priest
  1593 | D        | Found Wafa's Antique Armour Shoppe.
  1593 | D        | Noticed an orc high priest
  1594 | D        | Noticed an orc high priest
  1595 | D        | Noticed a sun demon
  1596 | D        | Killed an orc high priest
  1921 | D        | Killed an orc high priest
  2064 | D        | Noticed a sixfirhy
  2064 | D        | Noticed a sixfirhy
  2071 | D        | Noticed a sixfirhy
  2079 | D        | Killed an orc high priest
  2080 | D        | Reached skill level 5 in Stealth
  2111 | D        | Noticed a sun demon
  2114 | D        | Gained mutation: You sometimes lose the ability to read
                  | scrolls when taking damage. [a neqoxec]
  2118 | D        | Killed an orc high priest
  2120 | D        | Noticed an orc high priest
  2126 | D        | Killed an orc high priest
  2130 | D        | Killed an orc high priest
  2131 | D        | Reached XP level 12. HP: 46/128 MP: 11/11
  2348 | D        | Found Eleug's Jewellery Emporium.
  2352 | D        | Found Haifaici's Jewellery Shoppe.
  2355 | D        | Noticed an orc high priest
  2356 | D        | Noticed an orc high priest
  2358 | D        | Noticed an orc high priest
  2362 | D        | Killed an orc high priest
  2394 | D        | Killed an orc high priest
  2397 | D        | Killed an orc high priest
  2699 | D        | Bought an amulet of regeneration for 300 gold pieces
  2712 | D        | Bought a glowing chain mail for 165 gold pieces
  2717 | D        | Bought a pair of runed gloves for 165 gold pieces
  2730 | D        | Bought a +4 ring of slaying for 780 gold pieces
  2747 | D        | Bought a ring of positive energy for 220 gold pieces
  2771 | D        | Noticed Psyche
  2778 | D        | Killed Psyche
  2814 | D        | Noticed Gastronok
  2825 | D        | Killed Gastronok
  2826 | D        | Reached skill level 15 in Shields
  2938 | D        | Noticed a tengu warrior
  2938 | D        | Noticed an ogre mage
  2943 | D        | Killed a tengu warrior
  2956 | D        | Noticed a rakshasa
  2963 | D        | Noticed a deep troll shaman
  2969 | D        | Killed an ogre mage
  2974 | D        | Noticed a frost giant
  2979 | D        | Noticed a frost giant
  2980 | D        | Noticed a stone giant
  2986 | D        | Noticed a fire dragon
  2996 | D        | Killed a rakshasa
  3064 | D        | Killed a deep troll shaman
  3087 | D        | Killed a frost giant
  3139 | D        | Lost mutation: You sometimes lose the ability to read
                  | scrolls when taking damage. [potion of mutation]
  3139 | D        | Gained mutation: You sometimes lose the ability to read
                  | scrolls when taking damage. [potion of mutation]
  3139 | D        | Gained mutation: You occasionally shout uncontrollably at
                  | your foes. [potion of mutation]
  3139 | D        | Lost mutation: You occasionally shout uncontrollably at
                  | your foes. [potion of mutation]
  3172 | D        | Killed a frost giant
  3180 | D        | Killed a stone giant
  3330 | D        | Killed a fire dragon
  3331 | D        | Reached XP level 13. HP: 145/145 MP: 12/12
  3410 | D        | Noticed Sonja
  3419 | D        | Noticed Snorg
  3432 | D        | Killed Snorg
  3437 | D        | Killed Sonja
  3446 | D        | Lost mutation: You sometimes lose the ability to read
                  | scrolls when taking damage. [potion of mutation]
  3446 | D        | Gained mutation: You have hidden genetic defects. [potion
                  | of mutation]
  3446 | D        | Gained mutation: You are strong-willed. (Will+) [potion of
                  | mutation]
  3523 | D        | Reached skill level 10 in Dodging
  3646 | D        | Noticed an eleionoma
  3656 | D        | Killed an eleionoma
  3829 | D        | Gained mutation: You have terrible hidden genetic defects.
                  | [hidden defects]
  3841 | D        | Reached skill level 1 in Throwing
  3845 | D        | Reached skill level 5 in Evocations
  3956 | D        | Noticed an emperor scorpion
  3991 | D        | Gained mutation: Armour fits poorly on your strangely
                  | shaped body. [hidden defects]
  3991 | D        | Lost mutation: You have terrible hidden genetic defects.
                  | [hidden defects expressed]
  4002 | D        | Killed an emperor scorpion
  4133 | D        | Noticed a frost giant
  4133 | D        | Noticed an ettin
  4145 | D        | Noticed an ettin
  4357 | D        | Killed a frost giant
  4595 | D        | Paralysed by a great orb of eyes for 3 turns
  4601 | D        | Killed an ettin
  4626 | D        | Gained mutation: You sometimes lose the ability to read
                  | scrolls when taking damage. [hidden defects]
  4652 | D        | Killed an ettin
  4661 | D        | Noticed a fire dragon
  4673 | D        | Killed a fire dragon
  4674 | D        | Reached XP level 14. HP: 114/162 MP: 13/13
  4721 | D        | Noticed a tengu reaver
  4734 | D        | Killed a tengu reaver
  4735 | D        | Noticed a purple very ugly thing
  4743 | D        | Killed a purple very ugly thing
  4754 | D        | Gained mutation: You are dopey. (Int -2) [hidden defects]
  4754 | D        | Lost mutation: You have hidden genetic defects. [hidden
                  | defects expressed]
  4778 | D        | Noticed a frost giant
  4791 | D        | Noticed a fire giant
  4799 | D        | Killed a frost giant
  4800 | D        | Noticed a stone giant
  4810 | D        | Killed a fire giant
  4817 | D        | Killed a stone giant
  5146 | D        | Noticed a vault warden
  5170 | D        | Killed a vault warden
  5176 | D        | Noticed a brown very ugly thing
  5192 | D        | Killed a brown very ugly thing
  5197 | D        | Noticed a vault warden
  5217 | D        | Reached skill level 27 in Fighting
  5224 | D        | Killed a vault warden
  5528 | D        | Lost mutation: You are strong-willed. (Will+) [potion of
                  | mutation]
  5528 | D        | Lost mutation: Armour fits poorly on your strangely shaped
                  | body. [potion of mutation]
  5528 | D        | Lost mutation: You are dopey. (Int -2) [potion of mutation]
  5528 | D        | Gained mutation: You have large cloven feet. [potion of
                  | mutation]
  5528 | D        | Gained mutation: You are robust. (+10% HP) [potion of
                  | mutation]
  5528 | D        | Gained mutation: You are somewhat resistant to further
                  | mutation. [potion of mutation]
  5575 | D        | Noticed Frederick
  5601 | D        | Killed Frederick
  5602 | D        | Reached skill level 27 in Maces & Flails
  5869 | D        | Noticed Mennas
  5906 | D        | Killed Mennas
  6092 | D        | Noticed Xtahua
  6092 | D        | Paralysed by Xtahua for 7 turns
  6105 | D        | Killed Xtahua
  6138 | D        | Noticed a nagaraja
  6138 | D        | Noticed a nagaraja
  6138 | D        | Noticed a nagaraja
  6139 | D        | Noticed a nagaraja
  6142 | D        | Killed a nagaraja
  6158 | D        | Killed a nagaraja
  6161 | D        | Killed a nagaraja
  6162 | D        | Reached XP level 15. HP: 151/191 MP: 14/14
  6167 | D        | Killed a nagaraja
  6168 | D        | Reached skill level 10 in Stealth
  6210 | D        | Got a serpentine rune of Zot
  6349 | D        | Noticed Ilsuiw
  6386 | D        | Killed Ilsuiw
  6433 | D        | Got a barnacled rune of Zot
  6597 | D        | Got a decaying rune of Zot
  6663 | D        | Killed a ghost moth
  6671 | D        | Killed a ghost moth
  6780 | D        | Got a gossamer rune of Zot
  6844 | D        | Noticed Agnes
  6852 | D        | Killed Agnes
  6936 | D        | Reached skill level 27 in Shields
  6984 | D        | Reached XP level 16. HP: 201/201 MP: 15/15
  7106 | D        | Bought a potion of heal wounds for 75 gold pieces
  7106 | D        | Bought a potion of resistance for 150 gold pieces
  7106 | D        | Bought a potion of resistance for 150 gold pieces
  7108 | D        | Noticed an ancient lich
  7132 | D        | Killed an ancient lich
  7133 | D        | Reached skill level 15 in Stealth
  7138 | D        | Reached skill level 27 in Armour
  7138 | D        | Noticed a shadow dragon
  7152 | D        | Noticed a shadow dragon
  7160 | D        | Noticed a lich
  7174 | D        | Killed a shadow dragon
  7196 | D        | Killed a shadow dragon
  7197 | D        | Reached skill level 5 in Throwing
  7203 | D        | Killed a lich
  7280 | D        | Noticed a shadow dragon
  7280 | D        | Noticed a shadow dragon
  7280 | D        | Noticed a shadow dragon
  7290 | D        | Noticed a golden dragon
  7295 | D        | Noticed a shadow dragon
  7302 | D        | Killed a shadow dragon
  7317 | D        | Killed a shadow dragon
  7333 | D        | Killed a golden dragon
  7334 | D        | Identified the +9 demon whip "Toklauda" {flame, rN+}
  7341 | D        | Killed a shadow dragon
  7347 | D        | Killed a shadow dragon
  7358 | D        | Reached skill level 15 in Dodging
  7361 | D        | Got a silver rune of Zot
  7426 | D        | Noticed Saint Roka
  7449 | D        | Killed Saint Roka
  7494 | D        | Noticed Louise
  7501 | D        | Killed Louise
  7507 | D        | Noticed Margery
  7530 | D        | Killed Margery
  7595 | D        | Got the ring "Liyboov" {rF- EV+3 Str+5}
  7597 | D        | Got the ring of Pitwocuv {rC+ rN+}
  7599 | D        | Got the ring of Autotheism {*Corrode rPois rF++ Str+3}
  7601 | D        | Got the ring of Doirch {rPois Int+4}
  7603 | D        | Got the ring "Veekughi" {rN+ Dex+6}
  7640 | D        | Got the +0 pair of gloves of the Evil One {rN++ Dex-4
                  | Slay+2}
  7755 | D        | Noticed a tengu reaver
  7755 | D        | Noticed Sojobo
  7757 | D        | Noticed a tengu reaver
  7761 | D        | Killed a tengu reaver
  7762 | D        | Paralysed by an air elemental for 1 turns
  7771 | D        | Killed Sojobo
  7780 | D        | Killed a tengu reaver
  7870 | D        | Reached XP level 17. HP: 209/210 MP: 16/16
  8020 | D        | Noticed a golden dragon
  8020 | D        | Noticed a bone dragon
  8027 | D        | Killed a golden dragon
  8044 | D        | Killed a bone dragon
  8051 | D        | Noticed a bone dragon
  8086 | D        | Killed a bone dragon
  8087 | D        | Reached skill level 27 in Stealth
  8157 | D        | Reached skill level 10 in Throwing
  8394 | D        | Noticed a tentacled monstrosity
  8395 | D        | Noticed a tentacled monstrosity
  8401 | D        | Killed a tentacled monstrosity
  8429 | D        | Killed a tentacled monstrosity
  8457 | D        | Reached skill level 15 in Throwing
  8589 | D        | Noticed a quicksilver dragon
  8589 | D        | Noticed a curse toe
  8599 | D        | Killed a quicksilver dragon
  8600 | D        | Killed a curse toe
  8939 | D        | Noticed an Orb Guardian
  8939 | D        | Noticed an Orb Guardian
  8939 | D        | Noticed an Orb Guardian
  8939 | D        | Noticed an Orb Guardian
  8939 | D        | Noticed an Orb Guardian
  8939 | D        | Noticed an Orb Guardian
  8942 | D        | Killed an Orb Guardian
  8945 | D        | Killed an Orb Guardian
  8946 | D        | Noticed an Orb Guardian
  8953 | D        | Killed an Orb Guardian
  8954 | D        | Noticed an Orb Guardian
  8959 | D        | Killed an Orb Guardian
  8960 | D        | Noticed an Orb Guardian
  8963 | D        | Killed an Orb Guardian
  8970 | D        | Killed an Orb Guardian
  8971 | D        | Noticed an Orb Guardian
  8974 | D        | Killed an Orb Guardian
  8980 | D        | Killed an Orb Guardian
  8991 | D        | Killed an Orb Guardian
  8994 | D        | Killed an Orb Guardian
  8995 | D        | Reached XP level 18. HP: 214/220 MP: 17/17
  9020 | D        | Noticed a tentacled monstrosity
  9020 | D        | Noticed an Orb Guardian
  9020 | D        | Noticed an Orb Guardian
  9023 | D        | Noticed an Orb Guardian
  9025 | D        | Noticed an Orb Guardian
  9027 | D        | Killed a tentacled monstrosity
  9030 | D        | Killed an Orb Guardian
  9031 | D        | Killed an Orb Guardian
  9040 | D        | Killed an Orb Guardian
  9043 | D        | Killed an Orb Guardian
  9167 | D        | Noticed an ancient lich
  9183 | D        | Killed an ancient lich
  9189 | D        | Noticed an orb of fire
  9203 | D        | Killed an orb of fire
  9207 | D        | Noticed an electric golem
  9210 | D        | Killed an electric golem
  9213 | D        | Noticed an orb of fire
  9213 | D        | Noticed a golden dragon
  9213 | D        | Noticed an electric golem
  9213 | D        | Noticed a curse toe
  9213 | D        | Noticed a golden dragon
  9216 | D        | Noticed an orb of fire
  9223 | D        | Killed an orb of fire
  9227 | D        | Killed a golden dragon
  9227 | D        | Killed a golden dragon
  9230 | D        | Killed a curse toe
  9230 | D        | Noticed an electric golem
  9231 | D        | Reached skill level 27 in Throwing
  9233 | D        | Killed an electric golem
  9248 | D        | Killed an orb of fire
  9251 | D        | Killed an electric golem
  9260 | D        | Noticed an ancient lich
  9262 | D        | Noticed an ancient lich
  9284 | D        | Killed an ancient lich
  9288 | D        | Killed an ancient lich
  9289 | D        | Reached skill level 27 in Dodging
  9310 | D        | Reached skill level 1 in Short Blades
  9310 | D        | Reached skill level 1 in Long Blades
  9310 | D        | Reached skill level 1 in Axes
  9310 | D        | Reached skill level 1 in Polearms
  9310 | D        | Reached skill level 1 in Staves
  9310 | D        | Reached skill level 1 in Slings
  9310 | D        | Reached skill level 1 in Bows
  9310 | D        | Reached skill level 1 in Crossbows
  9310 | D        | Reached skill level 1 in Unarmed Combat
  9310 | D        | Reached skill level 1 in Invocations
  9402 | D        | Noticed an Orb Guardian
  9402 | D        | Noticed an Orb Guardian
  9402 | D        | Noticed an Orb Guardian
  9402 | D        | Noticed an Orb Guardian
  9402 | D        | Noticed an Orb Guardian
  9402 | D        | Noticed an Orb Guardian
  9407 | D        | Killed an Orb Guardian
  9415 | D        | Killed an Orb Guardian
  9420 | D        | Killed an Orb Guardian
  9422 | D        | Noticed an Orb Guardian
  9429 | D        | Killed an Orb Guardian
  9430 | D        | Noticed an Orb Guardian
  9435 | D        | Killed an Orb Guardian
  9439 | D        | Killed an Orb Guardian
  9444 | D        | Killed an Orb Guardian
  9445 | D        | Noticed an Orb Guardian
  9451 | D        | Killed an Orb Guardian
  9452 | D        | Reached skill level 10 in Crossbows
  9452 | D        | Reached skill level 10 in Evocations
  9452 | D        | Noticed an Orb Guardian
  9456 | D        | Killed an Orb Guardian
  9460 | D        | Noticed an Orb Guardian
  9463 | D        | Noticed an Orb Guardian
  9466 | D        | Killed an Orb Guardian
  9477 | D        | Killed an Orb Guardian
  9483 | D        | Killed an Orb Guardian
  9609 | D        | Noticed a lich
  9609 | D        | Noticed an ancient lich
  9611 | D        | Killed a lich
  9615 | D        | Noticed a lich
  9624 | D        | Noticed a lich
  9641 | D        | Killed a lich
  9642 | D        | Reached XP level 19. HP: 129/227 MP: 18/18
  9647 | D        | Paralysed by something for 5 turns
  9663 | D        | Killed an ancient lich
  9664 | D        | Reached skill level 15 in Crossbows
  9758 | D        | Reached skill level 15 in Evocations
  9870 | D        | Got an elven rune of Zot
  9921 | D        | Noticed the Royal Jelly
  9928 | D        | Killed the Royal Jelly
 10330 | D        | Paralysed by a floating eye for 3 turns
 10337 | D        | Paralysed by a floating eye for 4 turns
 10346 | D        | Got a slimy rune of Zot
 10685 | D        | Bought a pair of embroidered boots for 240 gold pieces
 10685 | D        | Bought an embroidered cloak for 240 gold pieces
 10988 | D        | Noticed a royal mummy
 10988 | D        | Noticed a royal mummy
 10988 | D        | Noticed a royal mummy
 10997 | D        | Killed a royal mummy
 11077 | D        | Killed a royal mummy
 11078 | D        | Reached skill level 27 in Crossbows
 11080 | D        | Killed a royal mummy
 11095 | D        | Noticed a royal mummy
 11111 | D        | Killed a royal mummy
 11112 | D        | Reached XP level 20. HP: 131/237 MP: 19/19
 11202 | D        | Got a golden rune of Zot
 11358 | D        | Got an abyssal rune of Zot
 11602 | D        | Noticed Geryon
 11608 | D        | Killed Geryon
 11611 | D        | Noticed Antaeus
 11611 | D        | Found the +7 sceptre of Asmodeus
 11611 | D        | Noticed Asmodeus
 11617 | D        | Noticed Ereshkigal
 11637 | D        | Noticed Gloorx Vloq
 11638 | D        | Killed Antaeus
 11639 | D        | Reached skill level 27 in Evocations
 11639 | D        | Reached skill level 1 in Spellcasting
 12836 | D        | Killed Asmodeus
 12837 | D        | Reached skill level 5 in Spellcasting
 12837 | D        | Reached skill level 5 in Ice Magic
 12925 | D        | Paralysed by Ereshkigal for 6 turns
 12945 | D        | HP: 10/234 [??? (4)]
 12950 | D        | HP: 3/234 [Gloorx Vloq] (11)]
 12951 | D        | HP: 1/234 [Executioner[Gloorx Vloq] (1)]
 12952 | D        | Succumbed to Gloorx Vloq's dark miasma

Illustrated notes

Levels and vault maps discovered:
D:        linesprint [early_d, line_temple, items_1, d_10, items_2, lair_1,
          lair_end, items_3, orc_1, orc_end, items_4, d_15, swamp_1, shoals_1,
          snake_1, spider_1, d_20, vaults_1, items_5, swamp_end, shoals_end,
          snake_end, spider_end, vaults_end, d_27, items_6, zot_1, zot_end,
          crypt_end, forest_end, elf_end, slime_end, tomb_end, abyss_end,
          pan_hell_end]

Skill      XL: |  1  2  3  4  5  6  7  8  9 10 11 12 13 14 15 16 17 18 19 20 |
---------------+-------------------------------------------------------------+-----
Fighting       | 5 7 8 10 11 12 13 15 18 21 25 27 | 27.0
Armour         | 5 7 8 10 11 13 14 15 17 20 25 27 | 27.0
Shields        | 5 6 7 8 9 10 11 12 14 15 17 20 27 | 27.0
Maces & Flails | 3 5 7 9 11 14 16 18 21 23 25 27 | 27.0
Dodging        | 1 2 3 6 8 9 11 12 13 15 22 27 | 27.0
Stealth        | 1 3 5 7 9 13 24 27 | 27.0
Evocations     | 3 4 5 13 25 27 | 27.0
Throwing       | 2 3 4 6 21 27 | 27.0
Short Blades   | 1 |  1.0
Long Blades    | 1 |  1.1
Axes           | 1 |  1.1
Polearms       | 1 |  1.1
Staves         | 1 |  1.1
Slings         | 1 |  1.0
Bows           | 1 |  1.1
Crossbows      | 14 27 | 27.0
Unarmed Combat | 1 |  1.0
Invocations    | 1 |  1.0
Spellcasting   | 5 |  5.1
Ice Magic      | 5 |  5.6
Conjurations   | |  0.5
Hexes          | |  0.5
Summonings     | |  0.5
Necromancy     | |  0.5
Translocations | |  0.5
Transmutations | |  0.6
Fire Magic     | |  0.6
Air Magic      | |  0.6
Earth Magic    | |  0.7
Poison Magic   | |  0.6

Action                   |  1- 3 |  4- 6 |  7- 9 | 10-12 | 13-15 | 16-18 | 19-21 || total
-------------------------+-------+-------+-------+-------+-------+-------+-------++-------
Melee: Flail             |    20 |     3 |       |       |       |       |       ||    23
       Headbutt          |     3 |     4 |    10 |    66 |   211 |   248 |    84 ||   626
       Morningstar       |       |    13 |    61 |   221 |       |       |       ||   295
       Demon whip        |       |       |       |    76 |   697 |   576 |   133 ||  1482
       Sacred scourge    |       |       |       |       |       |   179 |   137 ||   316
Throw: Dart              |       |       |       |       |     4 |     1 |     2 ||     7
       Throwing net      |       |       |       |       |     1 |       |       ||     1
       Javelin           |       |       |       |       |       |    12 |    21 ||    33
Invok: Potion Petition   |       |       |     1 |     1 |     8 |     2 |     2 ||    14
       Call Merchant     |       |       |       |       |     2 |     2 |     3 ||     7
Evoke: Wand              |       |       |       |     8 |     2 |       |       ||    10
  Use: Potion            |     2 |     4 |     1 |     5 |     7 |     3 |    20 ||    42
       Scroll            |       |       |       |       |     5 |    12 |     1 ||    18
 Stab: Distracted        |       |       |     1 |     5 |    10 |    20 |     8 ||    44
       Sleeping          |       |       |       |       |       |     1 |     2 ||     3
Armor: Scale mail        |     6 |       |       |       |       |       |       ||     6
       Ring mail         |       |     4 |    18 |    42 |       |       |       ||    64
       Chain mail        |       |       |       |    14 |   105 |       |       ||   119
       Plate armour      |       |       |       |       |    75 |    31 |       ||   106
       Gold dragon scale |       |       |       |       |       |   163 |    89 ||   252
Dodge: Dodged            |     8 |     7 |    11 |    92 |   118 |    74 |    32 ||   342
Block: Buckler           |     3 |     2 |     9 |    53 |    65 |       |       ||   132
       Tower shield      |       |       |       |       |   193 |   312 |   145 ||   650

Table legend: (Time is in decaauts) A = Elapsed time spent in this place. B = Non-inter-level travel time spent in this place. C = Inter-level travel time spent in this place. D = Time resting spent in this place. E = Time spent auto-exploring this place. F = Levels seen in this place. G = Mean time per level. A B C D E F G +--------+--------+--------+--------+--------+-----+--------+ Total | 11986 | 11452 | 534 | 4359 | 974 | 1 | 11986.0 | Dungeon | 11986 | 11452 | 534 | 4359 | 974 | 1 | 11986.0 | +--------+--------+--------+--------+--------+-----+--------+

Top non-repeatable levels by time:
       D: 11986 daAuts
